 Dungeon Crawl Stone Soup version 0.30-a0-778-g2ef04afb54 (console) character file.

Game seed: 16475917499264511116

4835 petzl the Magician (level 10, 0/74 (76) HPs)
             Began as a Formicid Delver on Feb 16, 2023.
             Was a Follower of Vehumet.
             Shot with an arrow by a centaur warrior (4 damage)
             ... on level 14 of the Dungeon on Feb 17, 2023.
             The game lasted 00:54:36 (10271 turns).

petzl the Magician (Formicid Delver)               Turns: 10271, Time: 00:54:36

HP:   0/74 (76)     AC:  7    Str: 17    XL:     10   Next: 77%
MP:   0/21          EV: 11    Int: 14    God:    Vehumet [*.....]
Gold: 333           SH:  0    Dex: 15    Spells: 12/24 levels left

rFire   + . .      SeeInvis +    b - +0 shortbow (heavy)
rCold   . . .      Faith    .    (no shield)
rNeg    . . .      Spirit   +    w - +1 ring mail {rF+}
rPois   .          Reflect  .    (helmet unavailable)
rElec   .          Harm     .    k - +0 cloak
rCorr   .          Rampage  .    (no gloves)
Will    +....                    (no boots)
Stlth   +++                      B - amulet of guardian spirit
HPRegen 0.32/turn                (no ring)
MPRegen 0.17/turn                (no ring)

@: lightly drained
A: permanent stasis, dig shafts and tunnels, antennae 3, four strong arms
a: Dig, Shaft Self, Renounce Religion


You were on level 14 of the Dungeon.
You worshipped Vehumet.
Vehumet was aware of your devotion.
You visited 2 branches of the dungeon, and saw 15 of its levels.

You collected 509 gold pieces.
You spent 176 gold pieces at shops.

Inventory:

Hand Weapons
 a - a +2 short sword of venom
 b - a +0 heavy shortbow (weapon)
 c - a +1 morningstar of protection
 q - a +0 hand axe of freezing {!f =f}
 F - a +0 sling of draining
Missiles
 v - 2 poisoned darts
Armour
 k - a +0 cloak (worn)
 w - a +1 ring mail of fire resistance (worn)
Magical Staves
 m - a staff of fire
Jewellery
 B - an amulet of guardian spirit (around neck)
Wands
 f - a wand of digging (2)
 D - a wand of charming (4)
 H - a wand of mindburst (10)
Scrolls
 h - 2 scrolls of enchant weapon
 j - 2 scrolls of poison
 p - 2 scrolls of immolation
 s - a scroll of enchant armour
 u - a scroll of amnesia
 x - a scroll of fear
 y - a scroll of blinking {unknown}
 C - 2 scrolls of identify
Potions
 e - 3 potions of lignification {unknown}
 g - a potion of heal wounds {unknown}
 i - 2 potions of attraction {unknown}
 l - a potion of invisibility {unknown}
 n - 4 potions of curing {unknown}
 o - a potion of magic {unknown}
 r - 3 potions of flight {unknown}
 t - 3 potions of ambrosia {unknown}
 z - a potion of might {unknown}
 A - 2 potions of mutation {unknown}
 G - 2 potions of berserk rage {unknown}


   Skills:
 - Level 6.0 Fighting
 - Level 2.0 Maces & Flails
 - Level 5.0 Ranged Weapons
 - Level 1.8 Dodging
 - Level 6.0 Stealth
 - Level 7.5 Spellcasting
 + Level 6.8 Conjurations
 - Level 5.8 Fire Magic
 - Level 2.9 Air Magic
 - Level 4.8 Poison Magic


You had 12 spell levels left.
You knew the following spells:

 Your Spells              Type           Power      Damage    Failure   Level
a - Poisonous Vapours     Pois/Air       32%        N/A       8%          2
s - Sticky Flame          Conj/Fire      23%        2d4       19%         4
u - Sublimation of Blood  Necr           5%         N/A       36%         2
T - Olgreb's Toxic Radia  Pois           18%        N/A       34%         4

Your spell library contained the following spells:

 Spells                   Type           Power      Damage    Failure   Level
 Freeze                   Ice            20%        1d4       26%         1
 Kiss of Death            Conj/Necr      56%        2d9       6%          1
 Sting                    Tmut/Pois      48%        1d5       10%         1
 Momentum Strike          Conj/Tloc      28%        3d8       10%         2
 Flame Wave               Conj/Fire      23%        2d8       19%         4
 Inner Flame              Hex/Fire       13%        N/A       22%         3
 Lesser Beckoning         Tloc           10%        N/A       36%         2
 Wereblood                Tmut           5%         N/A       36%         2
 Confusing Touch          Hex            5%         N/A       58%         3
 Gell's Gravitas          Tloc           5%         N/A       58%         3
 Teleport Other           Tloc           5%         N/A       58%         3
 Dispel Undead            Necr           5%         3d7       94%         4
 Dispersal                Tloc           2%         N/A       100%        6
 Summon Hydra             Summ           2%         N/A       100%        7
 Blink                    Tloc           Unusable   N/A       N/A         2

Dungeon Overview and Level Annotations

Branches:
Dungeon (13/15)            Temple (1/1) D:7
   Lair: D:8-11         Orc: D:9-12      Vaults: D:13-14

Altars:
Ashenzari
Dithmenos
Elyvilon
Fedhas
Gozag
Hepliaklqana
Kikubaaqudgha
Makhleb
Qazlal
Sif Muna
Trog
Uskayaw
Vehumet
Wu Jian
Xom
Zin
The Shining One
Jiyva

Shops:
D:3 [*   D:14 (

Annotations:
D:2 exclusion: downstairs
D:3 exclusion: upstairs
D:4 exclusion: downstairs, Menkaure
D:6 2 transporters
D:9 Pikel
D:10 exclusion: upstairs
D:11 exclusion: downstairs
D:12 exclusion: downstairs, Rupert
D:13 exclusion: upstairs, Erolcha


Innate Abilities, Weirdness & Mutations

You cannot be hasted, slowed, berserked, paralysed or teleported.
You can dig through walls and to a lower floor.
You have a pair of large antennae on your head. (SInv)
Your four strong arms can wield two-handed weapons with a shield.


Message History

Unknown command.
Unknown command.
A centaur warrior comes into view. It is wielding a +0 whip.
The centaur warrior shouts!
The centaur warrior unwields a +0 whip.
The centaur warrior wields a +0 shortbow.
The centaur warrior shoots an arrow.
The arrow hits you!
A brown ugly thing comes into view.
The centaur warrior shoots an arrow.
The arrow hits you!
You hear a horrible gurgling sound!
Found a sling.
As you read the scroll of fog, it crumbles to dust.
The scroll dissolves into smoke.
Found a stone staircase leading up.
A polar bear comes into view.
Found a stone staircase leading up.
A centaur warrior comes into view.
Found Padwuiw's Antique Weapon Shoppe.
The centaur warrior shoots an arrow.
The arrow hits you!
Found a war axe.
The polar bear growls angrily.
You hear a shout!
The centaur warrior shoots an arrow.
The arrow hits you!
The centaur warrior shoots an arrow.
The arrow hits you!
A spriggan comes into view.
The centaur warrior shoots an arrow.
The arrow hits you!
A centaur warrior comes into view.
The centaur warrior wields a +0 shortbow.
The centaur warrior shoots an arrow.
The arrow hits you!!
* * * LOW HITPOINT WARNING * * *
The centaur warrior shoots an arrow.
The arrow hits you.
* * * LOW HITPOINT WARNING * * *
You hear a shout!
There is a stone staircase leading up, spattered with blood here.
The centaur warrior shouts!
The centaur warrior wields a +2 shortbow of draining.
You sense an unholy aura.
The centaur warrior shoots an arrow.
The arrow hits you!
* * * LOW HITPOINT WARNING * * *
You feel drained.
You die...

**** **,,** *,,,,********
**,,***,,**,** *,,,,**,,,,,,* ***
**,,,,,,,,,,<,***,**
*,,,,,,,,,,,,,,,,,,*
*,,,,,,,,,,,,,,,,,,****
*,,*,,,,,,,,*,,,,,,,,,*
*,,,,,,,,,,.##........*
*,,,,,,,,,.#.c.....^.###**
*,,,,,,,,,.).c...≈≈≈...#,*
*,*,**,,,,......≈≈≈≈≈..,,**
*,*****,,,......≈~∩≈≈#,,,,*
*,**,,,,,,..<...≈~.≈≈#*,,,**
*,,,,,,,,,.......~.~.#*,,,,*
*,,,,,,,,,....h..@...#**,,,*
***,,,,,,..#........#####..******
**,,,,,,,..#.......##......,,,,,*
*,,,,,*,,..)..........#**,,****,*
**,,,,**,............##,**,,***,*
*,,,,,,,,...........##,,,**,,**,*
*,,,,,****####..c§.##,,_,,**,,*,*
**,,,,,*,,,,,,#§§..##,,^,^,,**,,,*
**,,,,,*,,,,,,#§§§##,,,,,,^,^**,,*
**,,,,,*,****,#.§§#^,^*****,,,*,,*
,,,,,,,*,*∩,*{#§§§##,+*.#,*+,**,,*
**,,,,,,,*,,*{#§§§§###..#,,***,,,*
*,,,,,,,*,,*,#§...§...###,,,,,,,*
*,,,,,,,*+**{#....§......,*******
*,,,,,*,*,,,,#..###......**
*,,,,,*,*****#{.,,,......,*
*,,,,,,,,,,,.c..,**#.....,***
**,,,,,,,,,.....,,**.....,,,*
**,,,,,,,,.....,,,**#....,,,*


You could see 3 centaur warriors and a polar bear.

Vanquished Creatures
  6 slime creatures
  A wyvern (D:8)
  A wraith (D:12)
  5 yaks (D:11)
  A steam dragon (D:6)
  2 black bears
  2 orc warriors
  A sky beast (D:7)
  2 ice beasts
  3 lemures
  2 centaurs
  2 phantoms (D:5)
  4 bullfrogs
  3 scorpions
  2 necrophages
  4 jellies
  A gnoll bouda (D:6)
  7 orc priests
  6 hounds
  2 iguanas (D:6)
  4 orc wizards
  A scorpion zombie (D:3)
  A hound zombie (D:3)
  5 adders
  4 gnolls (D:6)
  2 river rats (D:4)
  3 shadow imps
  A worm (D:4)
  6 dart slugs
  27 orcs
  6 bats
  5 endoplasms
  4 giant cockroaches
  7 goblins
  6 hobgoblins
  9 jackals
  10 kobolds
  3 quokkas
  8 ball pythons
  3 ball python skeletons (D:3)
  2 frilled lizards
  2 rats
  A spectral kobold (D:5)
177 creatures vanquished.

Vanquished Creatures (collateral kills)
  A wraith (D:13)
  A centaur (D:13)
2 creatures vanquished.

Vanquished Creatures (others)
  A centaur (D:13)
  An orc wizard (D:4)
  A butterfly (D:5)
3 creatures vanquished.

Grand Total: 182 creatures vanquished

Notes
Turn   | Place    | Note
-------+----------+-------------------------------------------
     0 | D:5      | petzl the Formicid Delver began the quest for the Orb.
     0 | D:5      | Reached XP level 1. HP: 18/18 MP: 1/1
    32 | D:7      | Found a staircase to the Ecumenical Temple.
    35 | D:7      | Noticed an ice beast
    41 | Temple   | Entered the Ecumenical Temple
    58 | D:6      | Noticed an orc priest
    86 | D:6      | Noticed a hound
   430 | D:4      | Reached skill level 1 in Spellcasting
   505 | D:3      | Reached XP level 2. HP: 14/24 MP: 3/3
   664 | D:2      | Reached skill level 2 in Spellcasting
   714 | D:2      | Reached XP level 3. HP: 27/29 MP: 6/6
   860 | D:2      | Reached skill level 3 in Spellcasting
   860 | D:2      | Reached XP level 4. HP: 24/35 MP: 8/8
  1844 | D:3      | Noticed a scorpion
  1893 | D:3      | Reached skill level 4 in Spellcasting
  1915 | D:4      | Reached XP level 5. HP: 33/41 MP: 11/11
  1978 | D:3      | Reached skill level 5 in Spellcasting
  2024 | D:3      | Reached XP level 6. HP: 47/47 MP: 13/13
  2045 | D:3      | Found Ighiroto's Assorted Antiques.
  2048 | D:3      | Bought a scroll labelled OKHAPT PIXKED for 22 gold pieces
  2048 | D:3      | Bought a triangular brass amulet for 110 gold pieces
  2064 | D:3      | Bought a scroll of identify for 44 gold pieces
  2391 | D:3      | Found Ruvec's Armour Shoppe.
  2624 | D:4      | Reached skill level 6 in Spellcasting
  2687 | D:4      | Noticed Menkaure
  2754 | D:4      | Reached XP level 7. HP: 46/52 MP: 16/16
  2765 | D:4      | Reached skill level 1 in Ranged Weapons
  2914 | D:4      | Reached skill level 1 in Fire Magic
  3876 | D:5      | Reached XP level 8. HP: 59/60 MP: 15/17
  3985 | D:5      | Found a white marble altar of Elyvilon.
  4184 | D:5      | Found a hazy altar of Hepliaklqana.
  4252 | D:5      | Found an ancient bone altar of Kikubaaqudgha.
  4254 | D:5      | Found a blossoming altar of Fedhas.
  4375 | D:5      | Found an opulent altar of Gozag.
  4920 | D:7      | Reached skill level 7 in Spellcasting
  5304 | D:6      | Found a shimmering altar of Xom.
  5332 | D:6      | Reached skill level 5 in Fighting
  5396 | D:6      | Found a transporter.
  5506 | D:6      | Found a transporter.
  5584 | D:6      | Reached skill level 5 in Ranged Weapons
  5698 | D:6      | Learned a level 2 spell: Poisonous Vapours
  5703 | D:6      | Learned a level 4 spell: Olgreb's Toxic Radiance
  5716 | D:6      | Reached XP level 9. HP: 68/68 MP: 19/19
  5744 | D:6      | Reached skill level 1 in Poison Magic
  5863 | D:6      | Found a stormy altar of Qazlal.
  6003 | D:6      | Found a burning altar of Makhleb.
  6003 | D:6      | Found a broken altar of Ashenzari.
  6149 | D:7      | Found a glowing silver altar of Zin.
  6323 | D:7      | Learned a level 4 spell: Sticky Flame
  6362 | D:7      | Reached skill level 1 in Air Magic
  6416 | D:7      | Found a shadowy altar of Dithmenos.
  6616 | D:7      | Found an ornate altar of the Wu Jian Council.
  7206 | Temple   | Became a worshipper of Vehumet
  7631 | D:7      | You fall into a shaft and drop 3 floors!
  7631 | D:10     | Entered Level 10 of the Dungeon
  7971 | D:10     | Reached skill level 5 in Fire Magic
  8095 | D:9      | Noticed Pikel
  8331 | D:10     | You fall into a shaft and drop 1 floor!
  8524 | D:11     | Noticed a wolf spider
  8530 | D:11     | You fall into a shaft and drop 2 floors!
  8586 | D:13     | Found a radiant altar of Vehumet.
  8620 | D:13     | Noticed a centaur warrior
  8728 | D:12     | Reached XP level 10. HP: 58/76 MP: 13/21
  8821 | D:12     | Identified the +0 helmet of Dice, Bag, and Bottle {rC++}
  8839 | D:12     | Learned a level 2 spell: Sublimation of Blood
  8889 | D:12     | Noticed Rupert
  8934 | D:12     | Reached skill level 1 in Conjurations
  9459 | D:12     | Reached skill level 5 in Conjurations
  9483 | D:13     | Noticed Erolcha
  9512 | D:11     | Reached * piety under Vehumet
  9512 | D:11     | Offered knowledge of Freeze by Vehumet.
  9702 | D:12     | Noticed a two-headed ogre
  9927 | D:11     | Found a viscous altar of Jiyva.
 10018 | D:11     | Noticed a komodo dragon
 10035 | D:11     | You fall into a shaft and drop 3 floors!
 10257 | D:14     | Noticed a centaur warrior
 10257 | D:14     | Noticed a brown ugly thing
 10266 | D:14     | Found Padwuiw's Antique Weapon Shoppe.
 10266 | D:14     | Noticed a centaur warrior
 10269 | D:14     | Noticed a centaur warrior
 10271 | D:14     | Shot with an arrow by a centaur warrior

Illustrated notes

Levels and vault maps discovered:
D:1:      dreamdust_arrival_beginning_and_end, layout_rooms, due_unseen_surprise
D:2:      layout_basic
D:3:      layout_rooms, serial_undead, serial_undead_e, serial_undead_e,
          serial_undead_e, serial_undead_c, serial_shops, nicolae_square_shop,
          shop, palyth_stone_intersect
D:4:      layout_loops_ring, cheibrodos_sewer_entry_sluice, uniq_menkaure
D:5:      layout_basic, grunt_temple_overflow_growth_and_decay,
          mainiacjoe_overflow_alcove_2, nicolae_elyvilon_peaceful_grove,
          nicolae_hepliaklqana_monster_ancestors
D:6:      gammafunk_cloud_chamber, layout_loops_ring,
          mainiacjoe_overflow_cross_hatched, nicolae_qazlal_general_emergency,
          gammafunk_temple_overflow_statue, small_statue_intersection
D:7:      layout_rooms, nicolae_dithmenos_shadow_blocks, zin_academy,
          mainiacjoe_overflow_24_doors, minmay_temple_entry_mist
D:8:      layout_cave_pools, nicolae_overflow_crystal_walls, lemuel_doored_altar
D:9:      layout_rooms, cheibrodos_worm_habitat, erik_lair_orcish_takeover,
          nrook_loot_triangle, uniq_prince_ribbit1, uniq_pikel
D:10:     layout_basic, uniq_lodul
D:11:     layout_gridville, erik_orc_4, jiyva_altar_1, uniq_maurice
D:12:     layout_loops_ring, uniq_rupert
D:13:     layout_roguey, vehumet_crystals, uniq_erolcha
D:14:     kb_forest_paths, layout_cave_pools, david_vaults_4, serial_shops,
          nicolae_shop_waterfront, nemelex_spade_bored_becter
Temple:   nicolae_temple_ecumenical_triangle

Skill      XL: |  1  2  3  4  5  6  7  8  9 10 |
---------------+-------------------------------+-----
Spellcasting   | 1 2 3 4 5 6 7 |  7.5
Ranged Weapons | 2 5 |  5.0
Fire Magic     | 1 3 5 |  5.8
Fighting       | 4 5 6 |  6.0
Poison Magic   | 4 |  4.8
Air Magic      | 2 |  2.9
Conjurations   | 6 |  6.8
Maces & Flails | |  2.0
Dodging        | |  1.8
Stealth        | |  6.0

Action                     |  1- 3 |  4- 6 |  7- 9 | 10-12 || total
---------------------------+-------+-------+-------+-------++-------
  Melee: Mace              |    56 |       |       |       ||    56
         Punch             |     1 |       |     6 |       ||     7
         Hand axe          |       |    68 |    83 |       ||   151
         Short sword       |       |       |   229 |     9 ||   238
         Morningstar       |       |       |    33 |    31 ||    64
   Fire: Sling             |    56 |   124 |   101 |       ||   281
         Shortbow          |       |       |    15 |    39 ||    54
  Throw: Stone             |     3 |       |       |       ||     3
         Dart              |       |     4 |     8 |       ||    12
         Throwing net      |       |       |     1 |       ||     1
   Cast: Poisonous Vapours |       |       |    13 |     3 ||    16
         Sticky Flame      |       |       |     1 |     7 ||     8
         Olgreb's Toxic Ra |       |       |       |     3 ||     3
Ability: Dig               |     3 |     1 |       |     1 ||     5
         Shaft Self        |       |       |     3 |     1 ||     4
  Evoke: Wand              |       |       |     6 |     1 ||     7
    Use: Scroll            |     1 |     7 |     5 |     3 ||    16
   Stab: Sleeping          |     1 |       |     1 |       ||     2
         Held in net/web   |       |       |     2 |       ||     2
 Armour: Leather armour    |    13 |     4 |       |       ||    17
         Ring mail         |       |    35 |   181 |    17 ||   233
  Dodge: Dodged            |    44 |    56 |   258 |    20 ||   378

Table legend: (Time is in decaauts)
 A = Elapsed time spent in this place.
 B = Non-inter-level travel time spent in this place.
 C = Inter-level travel time spent in this place.
 D = Time resting spent in this place.
 E = Time spent auto-exploring this place.
 F = Levels seen in this place.
 G = Mean time per level.
                   A        B        C        D        E       F      G
               +--------+--------+--------+--------+--------+-----+--------+
         Total |  10467 |  10062 |    405 |   2529 |   3758 |  15 |  697.8 |
       Dungeon |  10430 |  10025 |    405 |   2529 |   3758 |  14 |  745.0 |
        Temple |     37 |     37 |      0 |      0 |      0 |   1 |   37.0 |
               +--------+--------+--------+--------+--------+-----+--------+

Top non-repeatable levels by time:
     D:7: 1683 daAuts
     D:5: 1349 daAuts
     D:4: 1329 daAuts
     D:6: 1104 daAuts
     D:2: 845 daAuts
    D:12: 808 daAuts
     D:3: 769 daAuts
    D:11: 759 daAuts
    D:10: 591 daAuts
     D:1: 466 daAuts
    D:14: 235 daAuts
     D:8: 190 daAuts
    D:13: 183 daAuts
     D:9: 112 daAuts
  Temple: 37 daAuts
